 Dungeon Crawl Stone Soup version 0.22-a0-136-g83a10e5 (webtiles) character file.

386 Kavrick the Slasher (level 6, -6/48 HPs)
             Began as a Demonspawn Fighter on Feb 2, 2018.
             Was an Initiate of Qazlal.
             Killed by nerve-wracking pain
             ... invoked by an orc priest
              (9 damage)
             ... on level 4 of the Dungeon.
             The game lasted 00:11:38 (3958 turns).

Kavrick the Slasher (Demonspawn Fighter)            Turns: 3958, Time: 00:11:39

Health: -6/48      AC: 15    Str: 18    XL:     6   Next: 48%
Magic:  0/7        EV:  5    Int: 10    God:    Qazlal [......]
Gold:   208        SH: 17    Dex: 15    Spells: 5/5 levels left

rFire    . . .     SeeInvis .   a - +0 long sword
rCold    + . .     Gourm    .   c - +0 shield
rNeg     . . .     Faith    .   w - +0 chain mail
rPois    +         Spirit   +   (helmet restricted)
rElec    .         Reflect  .   v - +2 cloak {rPois}
rCorr    .         Harm     .   (no gloves)
MR       .....                  m - +2 pair of boots
Stlth    ..........             (no amulet)
HPRegen  0.16/turn              x - +3 ring of dexterity
MPRegen  0.10/turn              n - ring of protection from cold

@: no status effects
A: horns 1, large bone plates 3, magic shield
a: Renounce Religion


You were on level 4 of the Dungeon.
You worshipped Qazlal.
Qazlal was noncommittal.
You were not hungry.

You visited 2 branches of the dungeon, and saw 6 of its levels.

You collected 208 gold pieces.

Inventory:

Hand Weapons
 a - a +0 long sword (weapon)
Armour
 b - a +0 scale mail
 c - a +0 shield (worn)
 m - a +2 pair of boots (worn)
 v - a +2 cloak of poison resistance (worn)
 w - a +0 chain mail (worn)
Jewellery
 k - an uncursed ring of protection from fire
 n - a ring of protection from cold (right hand)
 x - a +3 ring of dexterity (left hand)
Scrolls
 e - a scroll of magic mapping
 j - 8 scrolls of identify
 r - 2 scrolls of remove curse
Potions
 h - 2 potions of invisibility {unknown}
 i - 3 potions of agility {unknown}
 l - 7 potions of heal wounds
 o - 3 potions of curing {unknown}
 p - a potion of degeneration {unknown}
 q - a potion of mutation {unknown}
 s - a potion of brilliance {unknown}
 t - a potion of ambrosia {unknown}
 z - 2 potions of lignification {unknown}
 A - a potion of resistance {unknown}
Comestibles
 f - 13 rations


   Skills:
 + Level 4.1 Fighting
 * Level 4.1 Long Blades
 + Level 3.8 Armour
 + Level 3.7 Shields
 + Level 1.3 Invocations


You had 5 spell levels left.
You didn't know any spells.

Dungeon Overview and Level Annotations

Branches:
Dungeon (5/15)             Temple (1/1) D:4

Altars:
Ashenzari
Cheibriados
Dithmenos
Elyvilon
Fedhas
Gozag
Kikubaaqudgha
Makhleb
Nemelex Xobeh
Okawaru
Qazlal
Ru
Sif Muna
Trog
Uskayaw
Vehumet
Wu Jian
Xom
Yredelemnul
Zin
The Shining One


Innate Abilities, Weirdness & Mutations

You have a pair of small horns on your head.
You are completely covered in large bone plates. (SH +8)
When hurt, damage is shared between your health and your magic reserves.


Message History

* * * LOW HITPOINT WARNING * * *
There is a stone staircase leading up here.
You slash the quokka skeleton!
You destroy the quokka skeleton!
Qazlal accepts your kill.
The orc priest calls down the wrath of Beogh upon you.
Pain shoots through your body!
* * * LOW HITPOINT WARNING * * *
You block the orc priest's attack.
There is a stone staircase leading up here.
The orc priest calls down the wrath of Beogh upon you.
You barely resist.
You climb upwards.
There is a stone staircase leading down here.
You closely miss the orc priest. You block the orc priest's attack.
You hit the orc priest.
The orc priest is moderately wounded.
The orc priest mumbles some strange prayers to Beogh against you.
Pain shoots through your body!
You die...

....(..######.##.#.#........#
######## #.##.#.#.######## #
#..#.#.#.#
###########.#.#.#.#
#......[......#.#.#
#)###....###..#.#.# #.#
#.........#.#.#
#.###....##.o.#...#
#.....#####.#@#####
########## #.### ......# #.#
#####.# #.# #.# #.#
#.########.# #..........#
################ ......#


You could see an orc priest.

Vanquished Creatures
  The ghost of Amnesiac the Chiller, an amateur DEIE (D:3)
  Crazy Yiuf (D:2)
  3 orc wizards
  A centaur skeleton (D:4)
  5 gnolls
  4 adders
  3 worms
  3 dart slugs
  4 leopard geckos
  4 orcs
  2 giant cockroaches
  7 goblins
  9 hobgoblins
  8 jackals (D:3)
  7 kobolds
  3 bats
  3 frilled lizards
  A quokka skeleton (D:5)
  8 rats
77 creatures vanquished.

Notes
Turn   | Place    | Note
-------+----------+-------------------------------------------
     0 | D:1      | Kavrick the Demonspawn Fighter began the quest for the Orb.
     0 | D:1      | Reached XP level 1. HP: 18/18 MP: 1/1
    48 | D:1      | Gained mutation: You are partially covered in large bone plates. (SH +4) [demonic ancestry]
    48 | D:1      | Reached XP level 2. HP: 13/24 MP: 2/2
   979 | D:2      | Gained mutation: When hurt, damage is shared between your health and your magic reserves. [demonic ancestry]
   979 | D:2      | Reached XP level 3. HP: 26/29 MP: 3/3
  1727 | D:2      | Found a runed door.
  1731 | D:2      | Noticed Crazy Yiuf
  1737 | D:2      | Killed Crazy Yiuf
  1737 | D:2      | Gained mutation: You are mostly covered in large bone plates. (SH +6) [demonic ancestry]
  1737 | D:2      | Reached XP level 4. HP: 14/35 MP: 2/4
  2156 | D:3      | Noticed Amnesiac's ghost (amateur DEIE)
  2244 | D:3      | Killed Amnesiac's ghost
  2244 | D:3      | Gained mutation: You have a pair of small horns on your head. [demonic ancestry]
  2244 | D:3      | Reached XP level 5. HP: 37/42 MP: 3/5
  2656 | D:4      | Found a staircase to the Ecumenical Temple.
  2665 | Temple   | Entered the Ecumenical Temple
  2764 | Temple   | Became a worshipper of Qazlal Stormbringer
  3076 | D:4      | Gained mutation: You are completely covered in large bone plates. (SH +8) [demonic ancestry]
  3076 | D:4      | Reached XP level 6. HP: 8/48 MP: 3/6
  3081 | D:4      | Reached skill level 1 in Invocations
  3914 | D:5      | Entered Level 5 of the Dungeon
  3958 | D:4      | Killed from afar by an orc priest

Vault maps used:
D:1:      eino_arrival_water_star
D:2:      minmay_tetromino_l4, uniq_crazy_yiuf_cottage
D:4:      minmay_temple_entry_grid, first_ration
D:5:      corexii_shantytown, basic_altar
Temple:   grunt_wide_crystal_templ

Skill      XL: |  1  2  3  4  5  6 |
---------------+-------------------+-----
Long Blades    | 2 3 4 |  4.1
Armour         | 3 |  3.8
Shields        | 3 |  3.7
Fighting       | 4 |  4.1
Invocations    | 1 |  1.3

Action                   |  1- 3 |  4- 6 || total
-------------------------+-------+-------++-------
Melee: Long sword        |   125 |   154 ||   279
       Headbutt          |       |    15 ||    15
  Use: Potion            |       |     1 ||     1
       Scroll            |       |     6 ||     6
  Eat: Chunk             |     2 |     8 ||    10
Armor: Scale mail        |    45 |    37 ||    82
       Chain mail        |       |    29 ||    29
Dodge: Dodged            |    29 |    27 ||    56
Block: Shield            |    83 |   138 ||   221
       Rpst.: Long sword |     4 |     8 ||    12

Table legend:
 A = Spawn XP
 B = Non-spawn XP
 C = Spawn XP percentage of total XP
 D = Spawn monster count
 E = Non-spawn monster count
 F = Spawn count percentage of total count
 G = Total turns spent on level
                    A         B        C        D         E        F      G
               +---------+---------+-------+---------+---------+-------+---------
         Total |       0 |     552 |   0.0 |       0 |      77 |   0.0 |  3958
               +---------+---------+-------+---------+---------+-------+---------
           D:1 |       0 |      28 |   0.0 |       0 |      11 |   0.0 |   842
           D:2 |       0 |      87 |   0.0 |       0 |      20 |   0.0 |  1103
           D:3 |       0 |     196 |   0.0 |       0 |      31 |   0.0 |   651
           D:4 |       0 |     162 |   0.0 |       0 |      11 |   0.0 |  1203
           D:5 |       0 |      79 |   0.0 |       0 |       4 |   0.0 |    42
               +---------+---------+-------+---------+---------+-------+---------
